 Dungeon Crawl Stone Soup version 0.27-a0-1140-g099f9bb0e8 (webtiles) character file.

Game seed: 10137356714806908567

23 voltaire321 the Sneak (level 3, -5/20 HPs)
             Began as a Kobold Enchanter on May 8, 2021.
             Was a Follower of Elyvilon.
             Slain by Sigmund
             ... wielding a +0 scythe
              (10 damage)
             ... on level 2 of the Dungeon.
             The game lasted 00:04:09 (1393 turns).

voltaire321 the Sneak (Kobold Enchanter)            Turns: 1393, Time: 00:04:09

Health: -5/20      AC:  2    Str:  6    XL:     3   Next: 12%
Magic:  6/6        EV: 15    Int: 16    God:    Elyvilon [*.....]
Gold:   23         SH:  0    Dex: 15    Spells: 3/6 levels left

rFire    . . .     SeeInvis .   a - +1 dagger
rCold    . . .     Faith    .   (shield restricted)
rNeg     . . .     Spirit   .   b - +0 robe
rPois    .         Reflect  .   (no helmet)
rElec    .         Harm     .   (no cloak)
rCorr    .         Rampage  .   (no gloves)
Will     .....                  (no boots)
Stlth    ++++......             (no amulet)
HPRegen  0.06/turn              (no ring)
MPRegen  0.10/turn              (no ring)

@: no status effects
A: small, no large weapons, nightstalker 3
a: Renounce Religion, Lesser Healing, Divine Protection


You were on level 2 of the Dungeon.
You worshipped Elyvilon.
Elyvilon was aware of your devotion.
You visited 1 branch of the dungeon, and saw 2 of its levels.

You collected 23 gold pieces.

Inventory:

Hand Weapons
 a - a +1 dagger (weapon)
Missiles
 d - 16 poisoned darts (quivered)
Armour
 b - a +0 robe (worn)
Potions
 e - 2 potions of curing {unknown}
 g - a potion of magic {unknown}


   Skills:
 + Level 0.6 Fighting
 + Level 1.8 Short Blades
 + Level 0.5 Throwing
 + Level 2.7 Dodging
 + Level 4.2 Stealth
 + Level 2.3 Spellcasting
 + Level 3.1 Hexes
 + Level 0.0 Ice Magic
 + Level 0.8 Invocations


You had 3 spell levels left.
You knew the following spells:

 Your Spells              Type           Power      Damage    Failure   Level
a - Corona                Hex            12%        N/A       5%          1
b - Ensorcelled Hibernat  Hex/Ice        12%        N/A       16%         2

Your spell library contained the following spells:

 Spells                   Type           Power      Damage    Failure   Level
 Confusing Touch          Hex            11%        N/A       17%         3
 Tukima's Dance           Hex            11%        N/A       17%         3
 Dazzling Flash           Conj/Hex       12%        N/A       32%         3


Dungeon Overview and Level Annotations

Branches:
Dungeon (2/15)

Altars:
Elyvilon

Shops:
D:1 (

Annotations:
D:2 Sigmund


Innate Abilities, Weirdness & Mutations

You are small and have problems with some larger weapons.
You are completely attuned to the shadows.


Message History

The bat stops glowing.
The bat hits you but does no damage.
You hit the bat.
You kill the bat!
HP restored.
Found a robe.
Sigmund the Dreaded comes into view.
He is wielding a +0 scythe.
Sigmund shouts!
Sigmund misses you.
Throw: 17 darts (poison)
Press: ? - help, Q - select action, (/) - cycle Shift-Dir - straight line, f - Sigmund
Aim: Sigmund, wielding a +0 scythe and wearing a +0 robe (53% to hit)
You throw a poisoned dart.
The poisoned dart closely misses Sigmund.
Sigmund casts a spell at himself.
Sigmund flickers and vanishes!
Deactivating autopickup; reactivate with Ctrl-A.
You hear some strange, mumbled words.
You are confused.
You're too confused to move!
You bump into the rock wall.
You bump into the rock wall.
Something barely misses you.
You feel less confused. Something hits you!
You closely miss something. Something hits you.
* * * LOW HITPOINT WARNING * * *
You closely miss something. Something barely misses you.
You closely miss something.
You hear some strange, mumbled words.
A puff of flame appears from out of thin air!
The puff of flame misses you.
You hit something but do no damage. Something hits you!
Elyvilon protects you from harm!
You hit something.
You hear some strange, mumbled words.
A puff of flame appears from out of thin air!
The puff of flame hits you! Elyvilon protects you from harm!
You hit something. Something hits you!
Ouch! That really hurt!
You die...

#......#..#.....
#....#..†.#.###.
##...#....#.# #.
..........#.# #.
####.##...#.# #.
..........#.# #.
######.#....#.###.
####{........#.#.....
....@####....[.######
...........(....
################


There were no monsters in sight!

Vanquished Creatures
  A dart slug (D:1)
  5 ball pythons (D:1)
  4 bats
  An endoplasm (D:1)
  3 goblins (D:1)
  2 hobgoblins (D:1)
  2 kobolds (D:1)
  3 rats (D:1)
21 creatures vanquished.

Notes
Turn   | Place    | Note
-------+----------+-------------------------------------------
     0 | D:1      | voltaire321 the Kobold Enchanter began the quest for the
                  | Orb.
     0 | D:1      | Reached XP level 1. HP: 10/10 MP: 3/3
    11 | D:1      | Found a faded altar of an unknown god.
    25 | D:1      | Became a worshipper of Elyvilon the Healer
    25 | D:1      | Reached * piety under Elyvilon
   168 | D:1      | Reached XP level 2. HP: 9/15 MP: 0/5
   306 | D:1      | Found Fureoh's Weapon Shoppe.
   769 | D:1      | Learned a level 2 spell: Ensorcelled Hibernation
   847 | D:1      | Reached XP level 3. HP: 13/20 MP: 6/6
  1370 | D:2      | Noticed Sigmund
  1391 | D:2      | Elyvilon protects you from harm!
  1392 | D:2      | Elyvilon protects you from harm!
  1393 | D:2      | Slain by Sigmund

Illustrated notes

Levels and vault maps discovered:
D:1:      amcnicky_arrival_single_pillar, layout_basic,
          ebering_ecumenical_altar_abandoned, serial_shops,
          nicolae_shop_behind_doors, chequers_serial_rivers_small_b,
          due_unseen_surprise
D:2:      minmay_inner_zag, layout_basic, basic_altar, kennysheep_potato,
          uniq_sigmund

Action                   || total
-------------------------++-------
Melee: Dagger            ||    54
Throw: Dart              ||     2
 Cast: Corona            ||     3
  Use: Scroll            ||     3
 Stab: Sleeping          ||    12
Armor: Robe              ||    17
Dodge: Dodged            ||    54

Table legend: (Time is in decaauts)
 A = Elapsed time spent in this place.
 B = Non-inter-level travel time spent in this place.
 C = Inter-level travel time spent in this place.
 D = Time resting spent in this place.
 E = Time spent auto-exploring this place.
 F = Levels seen in this place.
 G = Mean time per level.
                   A        B        C        D        E       F      G
               +--------+--------+--------+--------+--------+-----+--------+
         Total |   1391 |   1369 |     22 |    446 |    702 |   2 |  695.5 |
       Dungeon |   1391 |   1369 |     22 |    446 |    702 |   2 |  695.5 |
               +--------+--------+--------+--------+--------+-----+--------+

Top non-repeatable levels by time:
     D:1: 1280 daAuts
     D:2: 111 daAuts
